Map: King Sejong Station LE

Players

TupacShakur - Winner!

  • Race: Terran Terran
  • League: Diamond
  • Spawn Location: 5:00

Fropez

  • Race: Protoss Protoss
  • League: Gold
  • Spawn Location: 11:00

VOD

Have the link to the VOD?

Description

Time

  • Played on: Nov. 14, 2016, 3:51 p.m.
  • Length: 11:05
Show
View Real Time Build Order
Export as new Build Order

TupacShakur Terran - Winner!

Build Orders: MMM Bio 

Get SALT Encoding   

  12  0:01  SCV  
  13  0:13  SCV  
  14  0:18  Supply Depot  
  14  0:25  SCV  
  15  0:39  SCV  
  15  0:42  Barracks  
  16  0:51  SCV  
  17  0:59  Refinery  
  17  1:03  SCV  
  18  1:15  SCV  
  19  1:28  SCV  
  19  1:29  Marine, Supply Depot  
  21  1:40  Orbital Command  
  21  1:47  Marine  
  22  1:56  Command Center  
  22  2:16  Barracks Tech Lab  
  22  2:19  Factory  
  22  2:20  SCV  
  23  2:27  Refinery  
  23  2:32  SCV  
  24  2:44  SCV  
  25  2:56  SCV  
  26  2:59  Marine  
  26  3:03  Stimpack  
  27  3:08  SCV  
  28  3:17  Marine  
  28  3:19  Barracks  
  29  3:20  SCV  
  29  3:21  Factory Tech Lab  
  29  3:23  Starport  
  29  3:24  Factory Reactor  
  30  3:27  Orbital Command  
  30  3:38  Supply Depot  
  30  3:40  Supply Depot  
  30  3:53  Orbital Command  
  30  3:54  Marauder  
  32  4:02  Supply Depot  
  32  4:04  Supply Depot  
  32  4:06  SCV  
  33  4:16  Marauder  
  35  4:19  SCV  
  35  4:22  Engineering Bay  
  36  4:25  Supply Depot  
  36  4:27  Supply Depot  
  36  4:30  Factory Tech Lab  
  36  4:31  SCV  
  37  4:35  Medivac x2  
  37  4:38  Barracks Reactor  
  41  4:39  Marine  
  41  4:42  SCV  
  41  4:43  SCV  
  44  4:57  Marine  
  45  5:00  Missile Turret  
  45  5:07  SCV  
  45  5:08  SCV  
  45  5:13  Terran Infantry Weapons Level 1  
  45  5:14  Marine, Missile Turret  
  47  5:19  SCV, Engineering Bay  
  47  5:20  SCV  
  50  5:25  Barracks  
  50  5:31  Barracks  
  50  5:32  SCV x2  
  50  5:35  Barracks  
  52  5:44  SCV x2  
  52  5:46  Command Center  
  52  5:48  Terran Infantry Armor Level 1  
  54  5:56  SCV  
  55  6:00  Marine x2  
  58  6:05  Marauder  
  58  6:08  Combat Shields  
  59  6:18  Marine x2  
  60  6:21  Siege Tank  
  64  6:27  Marauder  
  66  6:33  Barracks Reactor x3  
  66  6:36  Marine x2  
  66  6:39  Refinery  
  68  6:40  Refinery  
  68  6:48  Marauder  
  68  6:52  Armory  
  68  6:53  Marine  
  71  6:58  Orbital Command  
  71  7:02  Supply Depot  
  71  7:14  Marine x9  
  77  7:26  Concussive Shells  
  73  7:32  Marine x9  
  82  7:49  Marine, SCV  
  82  7:50  Marine x5, SCV  
  90  8:01  SCV  
  90  8:02  SCV  
  92  8:07  Orbital Command  
  92  8:13  SCV  
  92  8:14  SCV  
  92  8:18  Supply Depot  
  94  8:20  Siege Tank  
  94  8:24  Medivac x2  
  101  8:47  Marine x9  
  110  8:52  Siege Tank  
  110  8:54  Medivac  
  115  9:04  Marine, SCV  
  115  9:05  Marine x6, SCV x2  
  125  9:21  Supply Depot x3  
  125  9:32  Supply Depot  
  125  9:42  Marine x9, SCV x3, Siege Tank  
  125  9:45  Supply Depot  
  140  9:47  Supply Depot  
  140  9:54  SCV  
Show
View Real Time Build Order
Export as new Build Order

Fropez Protoss 

Build Orders: Blink Stalkers, Zealot Archon 

Get SALT Encoding   

  12  0:01  Probe (Chrono Boost)  
  13  0:11  Probe (Chrono Boost)  
  14  0:19  Pylon  
  14  0:23  Probe (Chrono Boost)  
  15  0:38  Probe (Chrono Boost)  
  15  0:40  Gateway  
  16  0:48  Probe (Chrono Boost)  
  16  0:49  Assimilator  
  17  0:59  Probe (Chrono Boost)  
  18  1:09  Probe (Chrono Boost)  
  19  1:23  Gateway  
  19  1:29  Probe (Chrono Boost)  
  19  1:30  Cybernetics Core  
  20  1:32  Assimilator  
  20  1:39  Probe (Chrono Boost)  
  21  1:40  Pylon  
  21  1:50  Probe (Chrono Boost)  
  22  2:00  Probe (Chrono Boost)  
  23  2:11  Probe (Chrono Boost)  
  23  2:17  Stalker x2  
  23  2:19  Warp Gate (Chrono Boost)  
  27  2:28  Mothership Core  
  29  2:43  Nexus  
  29  3:01  Probe  
  29  3:04  Pylon  
  30  3:13  Probe  
  31  3:20  Twilight Council  
  31  3:25  Pylon, Probe  
  31  3:26  Pylon  
  34  3:37  Probe  
  37  3:50  Probe  
  34  3:57  Blink (Chrono Boost)  
  34  4:08  Gateway, Stalker x2  
  38  4:10  Probe x2  
  40  4:22  Probe  
  40  4:23  Probe, Robotics Facility  
  42  4:34  Pylon  
  42  4:39  Pylon  
  42  4:45  Assimilator  
  42  4:52  Templar Archives  
  42  4:54  Assimilator  
  42  4:59  Stalker x2  
  46  5:08  Probe  
  46  5:09  Probe  
  48  5:19  Adept  
  50  5:30  High Templar  
  50  5:32  High Templar  
  54  5:36  Archon  
  54  5:47  Resonating Glaives (Chrono Boost)  
  54  5:48  Probe  
  54  5:50  Probe  
  54  5:54  Warp Prism (Chrono Boost)  
  58  5:59  Probe  
  59  6:11  Pylon  
  59  6:13  Probe  
  59  6:14  Pylon, Probe  
  61  6:26  High Templar x3  
  61  6:30  Archon  
  67  6:47  Probe  
  68  6:58  Gateway  
  68  6:59  Pylon  
  68  7:02  High Templar x2  
  68  7:07  High Templar  
  68  7:08  Archon  
  64  7:38  Probe  
  64  7:39  Probe  
  64  7:42  Observer (Chrono Boost)  
  67  7:45  Adept  
  67  7:46  Adept x2  
  73  7:59  Gateway  
  73  8:01  Gateway  
  73  8:02  Gateway  
  73  8:03  Gateway  
  73  8:06  Gateway  
  73  8:08  Gateway  
  73  8:10  Pylon, Probe  
  73  8:11  Pylon, Probe  
  75  8:14  High Templar  
  75  8:15  High Templar x3  
  75  8:17  Archon, Gateway  
  75  8:18  Archon  
  75  8:19  Archon, Gateway  
  83  8:21  Pylon, Gateway  
  83  8:31  Charge (Chrono Boost)  
  83  8:37  Nexus  
  83  8:40  Pylon  
  83  8:43  Pylon  
  83  8:53  High Templar  
  85  9:00  Immortal  
  89  9:15  Pylon  
  89  9:24  Adept x3  
  91  9:25  Adept x4  
  91  9:26  Adept x2  
  91  9:27  Adept  
  109  9:38  Pylon  
  109  9:46  Zealot x6  
  109  9:47  Zealot x3  
  127  9:58  Pylon  
  127  9:59  Pylon  
  127  10:16  Zealot x4  
  127  10:17  Zealot x3  
  141  10:22  Mothership Core  
  141  10:37  Zealot x4  
Tags
 
Add a new tag
Caveats
  • Supply blocks, unpowered buildings, or Contaminate may cause inaccurate times.
  • Supply counts are checked every 10 seconds.